 Dungeon Crawl Stone Soup version 0.14.0-24-gfb45beb (webtiles) character file.

337 Infinimo the Cudgeler (level 5, -1/50 HPs)
             Began as an Ogre Hunter on Apr 24, 2014.
             Slain by a slave (2 damage)
             ... led by Pikel
             ... on Level 3 of the Dungeon.
             The game lasted 00:05:18 (3894 turns).

Infinimo the Cudgeler (Ogre Hunter)                 Turns: 3894, Time: 00:05:19

HP  -1/50        AC  3     Str 17      XL: 5   Next: 33%
MP   5/5         EV 10     Int 11      God:
Gold 186         SH  0     Dex 10      Spells:  0 memorised,  4 levels left

rFire  . . .     SeeInvis .     o - +0,+1 whip (elec)
rCold  . . .     Clarity  .     d - +1 animal skin
rNeg   . . .     Conserve .     (shield restricted)
rPois  .         rCorr    .     (helmet restricted)
rElec  .         rRot     .     (no cloak)
SustAb . .       Spirit   .     (gloves unavailable)
rMut   .         Warding  .     (boots unavailable)
Saprov + . .     Stasis   .     (no amulet)
MR     .....                    (no ring)
                                (no ring)

@: not resistant to hostile enchantments, unstealthy
A: unfitting armour, carnivore 1, deformed body, fast metabolism 2, saprovore 1,
tough skin 1
a: no special abilities


You were on level 3 of the Dungeon.
You were full.

You visited 1 branch of the dungeon, and saw 4 of its levels.

You collected 186 gold pieces.

Inventory:

Hand weapons
 o - a +0,+1 whip of electrocution (weapon)
Missiles
 b - 5 large rocks (quivered)
 c - 2 throwing nets
Armour
 d - a +1 animal skin (worn)
Comestibles
 f - 3 meat rations
 g - a pear
Scrolls
 h - 3 scrolls of identify
 m - a scroll of enchant weapon I
Jewellery
 e - an uncursed amulet of warding
 i - a +4,+2 ring of slaying {unknown}
Potions
 a - 2 potions of curing
 j - a potion of paralysis
 l - a potion of flight
 p - a potion of haste


   Skills:
 - Level 2.6 Fighting
 + Level 6.5 Maces & Flails
 - Level 4.3 Throwing
 - Level 1.7 Dodging
 - Level 1.1 Stealth


You had 4 spell levels left.
You didn't know any spells.

Dungeon Overview and Level Annotations

Branches:
Dungeon (4/15)
 Temple: D:4-7

Altars:
Nemelex Xobeh
Okawaru
Vehumet
Zin

Annotations:
D:3 Pikel
D:4 Blork the orc


Innate Abilities, Weirdness & Mutations

You are too large for most types of armour.
You have a very fast metabolism.
You can tolerate rotten meat.
You have tough skin (AC +1).
Your digestive system is specialised to digest meat.
Armour fits poorly on your strangely shaped body.


Message History

Blork the orc looks braver.
You climb upwards.
There is a stone staircase leading down here.
You can't go up here!
Unknown command.
Read which item? (? for menu, Esc to quit)
As you read the scroll labeled ASTREL KENKOIR, it crumbles to dust.
It is a scroll of enchant weapon II.
Enchant which weapon? (? for menu, Esc to quit)
Your +0,+0 whip of electrocution glows red for a moment.
The slave hits you.
* * * LOW HITPOINT WARNING * * *
Pikel hits you with a whip of flaming.
* * * LOW HITPOINT WARNING * * *
Pikel burns you.
* * * LOW HITPOINT WARNING * * *
The phantom hits you.
* * * LOW HITPOINT WARNING * * *
The phantom blinks!
The slave hits you.
You die...

###################
############
...)).........%...#
#...........
....#####..#.###..#
#..######### ....#
#..#..##..# #..#
....# ######.##..#
#..# ....#
#....#.##..# #..#
....# #.##.#.##..#
#..# ....#
#.#..#.##@K# #..#
....# #.#.##.##@@#
#..##### ....#
#.#....##p@#
#......## ....#
#.#######..#
#...#.#.# ....#
#....(.##..#
#.)...((## ....#
######.#...#
#..#.#.#(### ....#
#....#.#...#
#........... ....#
#.##.#.##..#
#...#.#..... ....#
#.#..#.##..#
#........... ....#
#.#.##.##..#
#...........


You could see Pikel, a phantom and 3 slaves.

Vanquished Creatures
  A slave (D:3)
  An orc wizard (D:3)
  A worker ant (D:3)
  2 adders (D:3)
  A giant mite (D:3)
  A worm (D:3)
  6 giant geckos
  5 orcs
  A ball python (D:3)
  8 bats
  5 giant cockroaches
  7 goblins
  5 hobgoblins
  6 kobolds
  A quokka (D:3)
  2 giant newts
  4 jackals (D:1)
  6 rats
63 creatures vanquished.

Notes
Turn   | Place    | Note
--------------------------------------------------------------
     0 | D:1      | Infinimo, the Ogre Hunter, began the quest for the Orb.
     0 | D:1      | Reached XP level 1. HP: 22/22 MP: 1/1
    86 | D:1      | Reached skill level 1 in Stealth
   334 | D:1      | Reached XP level 2. HP: 11/29 MP: 2/2
   951 | D:1      | Reached XP level 3. HP: 34/36 MP: 3/3
  1252 | D:2      | Found a sparkling altar of Nemelex Xobeh.
  1254 | D:2      | Found a radiant altar of Vehumet.
  1254 | D:2      | Found a glowing silver altar of Zin.
  1256 | D:2      | Found an iron altar of Okawaru.
  1424 | D:2      | Gained mutation: You tend to lose your temper in combat. [potion of mutation]
  1424 | D:2      | Gained mutation: You are weak. (Str -2) [potion of mutation]
  1424 | D:2      | Gained mutation: You are very weak. (Str -4) [potion of mutation]
  1430 | D:2      | Lost mutation: You tend to lose your temper in combat. [potion of cure mutation]
  1430 | D:2      | Lost mutation: You are very weak. (Str -4) [potion of cure mutation]
  1430 | D:2      | Lost mutation: You are weak. (Str -2) [potion of cure mutation]
  1616 | D:2      | Gained mutation: You have a very fast metabolism. [potion of mutation]
  1616 | D:2      | Gained mutation: Armour fits poorly on your strangely shaped body. [potion of mutation]
  1616 | D:2      | Gained mutation: Your digestive system is specialised to digest meat. [potion of mutation]
  1973 | D:3      | Reached XP level 4. HP: 7/44 MP: 4/4
  2379 | D:3      | Reached skill level 5 in Maces & Flails
  2425 | D:3      | Paralysed by a potion of paralysis for 3 turns
  3191 | D:3      | Reached skill level 6 in Maces & Flails
  3191 | D:3      | Reached XP level 5. HP: 48/50 MP: 5/5
  3471 | D:4      | Noticed Pikel
  3471 | D:4      | Noticed a slave
  3471 | D:4      | Noticed a slave
  3471 | D:4      | Noticed a slave
  3471 | D:4      | Noticed a slave
  3471 | D:4      | Noticed Blork the orc
  3471 | D:4      | Noticed a phantom
  3489 | D:3      | Killed a slave
  3894 | D:3      | HP: 1/50 [phantom (4)]
  3894 | D:3      | Slain by a slave

Action                   |  1- 3 |  4- 6 || total
-------------------------+-------+-------++-------
Melee: Club              |    38 |       ||    38
       Mace              |   103 |    87 ||   190
       Whip              |       |     7 ||     7
  Use: Scroll            |     8 |     2 ||    10
       Potion            |     3 |     4 ||     7
 Stab: Sleeping          |     1 |       ||     1
